 Dungeon Crawl Stone Soup version 0.23.2 (webtiles) character file.

Game seed: 18012970145188306847

8390 Fang the Fighter (level 11, -8/72 HPs)
             Began as a Gargoyle Berserker on Apr 3, 2019.
             Was a High Priest of Trog.
             Mangled by Snorg (11 damage)
             ... on level 10 of the Dungeon.
             The game lasted 00:12:36 (10166 turns).

Fang the Fighter (Gargoyle Berserker)              Turns: 10166, Time: 00:12:37

Health: -8/72      AC: 27    Str: 22    XL:     11   Next: 30%
Magic:  3/3        EV:  9    Int: 14    God:    Trog [*****.]
Gold:   439        SH:  0    Dex:  9    Spells: 10/10 levels left

rFire    + + .     SeeInvis .   g - +4 war axe (antimagic)
rCold    . . .     Gourm    .   (no shield)
rNeg     + + .     Faith    .   b - +1 plate armour
rPois    ∞         Spirit   .   D - +2 hat
rElec    +         Reflect  .   (no cloak)
rCorr    +         Harm     .   (no gloves)
MR       +....                  C - +1 pair of boots "Ottoapp" {rN+ Int+6 Stlth-}
Stlth    ..........             e - amulet of the acrobat
HPRegen  1.22/turn              d - ring of resist corrosion
MPRegen  0.08/turn              t - ring "Boink" {rElec rPois rF++ MR- Str-2 Slay+2}

@: about to teleport, regenerating
A: negative energy resistance 1, electricity resistance, unbreathing,
petrification resistance, rot immunity, AC +8
a: Berserk, Trog's Hand, Brothers in Arms, Renounce Religion


You were on level 10 of the Dungeon.
You worshipped Trog.
Trog was extremely pleased with you.
You were not hungry.

You visited 2 branches of the dungeon, and saw 11 of its levels.

You collected 714 gold pieces.
You spent 275 gold pieces at shops.

Inventory:

Hand Weapons
 a - a +2 war axe
 g - a +4 antimagic war axe (weapon)
Armour
 b - a +1 plate armour (worn)
 C - the +1 pair of boots "Ottoapp" (worn) {rN+ Int+6 Stlth-}
   (You bought it in a shop on level 6 of the Dungeon)

   It affects your intelligence (+6).
   It protects you from negative energy.
   It makes you less stealthy.
 D - a +2 hat (worn)
Jewellery
 d - a ring of resist corrosion (left hand)
 e - an amulet of the acrobat (around neck)
 h - an uncursed ring of protection from fire
 l - an uncursed ring of magical power
 t - the ring "Boink" (right hand) {rElec rPois rF++ MR- Str-2 Slay+2}
   (You found it on level 10 of the Dungeon)

   [ring of poison resistance]

   It affects your strength (-2).
   It affects your accuracy and damage with ranged weapons and melee attacks
   (+2).
   It greatly protects you from fire.
   It insulates you from electricity.
   It protects you from poison.
   It affects your resistance to hostile enchantments.
Wands
 u - a wand of digging (9)
 x - a wand of paralysis (9)
 y - a wand of flame (11)
Scrolls
 f - 2 scrolls of fog
 j - a scroll of fear
 k - 4 scrolls of teleportation
 r - 2 scrolls of remove curse
 v - 2 scrolls of magic mapping
 F - a scroll of enchant weapon
 G - a scroll of identify
 H - a scroll of enchant armour
Potions
 i - 2 potions of degeneration {unknown}
 m - 3 potions of haste
 n - 3 potions of curing
 o - a potion of heal wounds {unknown}
 p - 2 potions of cancellation
 q - 2 potions of flight
 s - a potion of ambrosia {unknown}
 w - a potion of might
 z - a potion of brilliance
 A - a potion of mutation {unknown}
 B - 2 potions of lignification {unknown}
Comestibles
 c - 13 rations
 E - 10 chunks of flesh


   Skills:
 + Level 10.0 Fighting
 + Level 8.4 Axes
 + Level 9.7 Armour
 + Level 7.4 Dodging


You had 10 spell levels left.
You didn't know any spells.
Your spell library was empty.

Dungeon Overview and Level Annotations

Branches:
Dungeon (10/15)            Temple (1/1) D:4
   Lair: D:8-11         Orc: D:9-12

Altars:
Cheibriados
Dithmenos
Elyvilon
Fedhas
Gozag
Hepliaklqana
Makhleb
Nemelex Xobeh
Okawaru
Qazlal
Ru
Sif Muna
Yredelemnul
Zin
The Shining One

Shops:
D:5 (   D:6 [?[

Annotations:
D:10 Snorg


Innate Abilities, Weirdness & Mutations

You are resistant to torment.
Your stone body is resilient. (AC +8)
You are immune to poison.
You resist negative energy. (rN+)
You are resistant to electric shocks. (rElec)
You can survive without breathing.
You are immune to petrification.
You are immune to rotting.


Message History

You feel strangely unstable.
The killer bee stings you but does no damage.
The killer bee barely misses you. Snorg bites you but does no damage.
Snorg claws you but does no damage. x2
The killer bee stings you but does no damage.
The killer bee closely misses you.
The killer bee stings you but does no damage.
Snorg bites you!
* * * LOW HITPOINT WARNING * * *
Snorg claws you!
* * * LOW HITPOINT WARNING * * *
Snorg claws you but does no damage.
The killer bee stings you but does no damage.
You feel better. The killer bee stings you.
* * * LOW HITPOINT WARNING * * *
The killer bee stings you but does no damage.
The killer bee barely misses you. Snorg bites you!
* * * LOW HITPOINT WARNING * * *
Snorg claws you!
You die...

#... #...#
################...#
...................#######
......(.....>.............
...............?.........<
.......$.%................
........T.................
........y@................
........yy....(...........
..........................
..........................
######################...#
...# (..# ...# ..#


You could see Snorg (berserk) and 3 killer bees.

Vanquished Creatures
  Erica (D:8)
  A two-headed ogre (D:10)
  Pikel (D:8)
  Joseph (D:8)
  A hippogriff (D:8)
  Sigmund (D:4)
  A spriggan (D:9)
  2 wyverns (D:10)
  3 yaks (D:10)
  Grum (D:10)
  A hungry ghost (D:8)
  3 orc warriors
  3 slaves (D:8)
  2 ice beasts
  6 sky beasts
  A black bear (D:6)
  A necrophage (D:6)
  2 phantoms (D:10)
  2 centaurs
  3 ogres
  4 wolves (D:10)
  6 bullfrogs
  A wyvern zombie (D:7)
  A gnoll sergeant (D:6)
  4 scorpions
  11 killer bees
  2 electric eels (D:9)
  A howler monkey (D:9)
  A bullfrog zombie (D:6)
  3 crimson imps
  3 jellies
  A bullfrog skeleton (D:5)
  A gnoll shaman (D:4)
  5 orc priests
  3 hounds
  4 orc wizards
  2 iguanas
  9 worker ants
  2 hound zombies
  A hound skeleton (D:6)
  2 worker ant zombies
  10 gnolls
  9 adders
  A shadow imp (D:7)
  7 oozes
  An adder skeleton (D:8)
  4 worms
  2 dart slugs
  5 leopard geckos
  31 orcs
  2 ball pythons
  8 bats
  7 giant cockroaches
  11 hobgoblins
  22 jackals
  3 quokkas
  7 frilled lizards
  11 goblins
  19 kobolds
  A quokka skeleton (D:9)
  8 rats
  3 fungi (D:4)
276 creatures vanquished.

Vanquished Creatures (others)
  A scorpion (D:8)
  2 plants (D:9)
  9 toadstools (D:4)
12 creatures vanquished.

Grand Total: 288 creatures vanquished

Notes
Turn   | Place    | Note
-------+----------+-------------------------------------------
     0 | D:1      | Fang the Gargoyle Berserker began the quest for the Orb.
     0 | D:1      | Reached XP level 1. HP: 14/14 MP: 1/1
    39 | D:1      | Reached XP level 2. HP: 14/19 MP: 2/2
   461 | D:1      | Reached XP level 3. HP: 23/23 MP: 3/3
   807 | D:2      | Found a stormy altar of Qazlal.
   828 | D:2      | Reached ** piety under Trog
   973 | D:2      | Reached XP level 4. HP: 29/29 MP: 4/4
  1140 | D:2      | Reached skill level 4 in Fighting
  1868 | D:3      | Reached *** piety under Trog
  1881 | D:3      | Reached XP level 5. HP: 33/33 MP: 5/5
  2865 | D:4      | Found a deep blue altar of Sif Muna.
  3157 | D:4      | Reached XP level 6. HP: 31/39 MP: 6/6
  3501 | D:4      | Reached skill level 5 in Fighting
  3501 | D:4      | Reached XP level 7. HP: 30/44 MP: 7/7
  3704 | D:4      | Reached **** piety under Trog
  3717 | D:4      | Found a staircase to the Ecumenical Temple.
  3749 | Temple   | Entered the Ecumenical Temple
  3773 | D:4      | Noticed Sigmund
  3803 | D:4      | Killed Sigmund
  4537 | D:5      | Entered Level 5 of the Dungeon
  4567 | D:5      | Reached skill level 5 in Armour
  4735 | D:5      | Reached XP level 8. HP: 39/51 MP: 8/8
  4753 | D:5      | Found Kuelonen's Weapon Shop.
  4937 | D:5      | Reached skill level 6 in Fighting
  4937 | D:5      | Reached skill level 5 in Axes
  5428 | D:5      | Found a basalt altar of Yredelemnul.
  5675 | D:5      | Found a glowing golden altar of the Shining One.
  5677 | D:5      | Noticed an angel
  5770 | D:6      | Found Maxaa's Antique Armour Emporium.
  5773 | D:6      | Bought a pair of heavily runed boots for 275 gold pieces
  5778 | D:6      | Identified the +1 pair of boots "Ottoapp" {rN+ Int+6
                  | Stlth-} (You bought it in a shop on level 6 of the Dungeon)
  5821 | D:6      | Found Heib's Antique Armour Shop.
  5847 | D:6      | Found Syranips's Magic Scroll Shop.
  5877 | D:6      | Found a sparkling altar of Nemelex Xobeh.
  6083 | D:6      | Reached XP level 9. HP: 41/56 MP: 9/9
  6271 | D:6      | Found a burning altar of Makhleb.
  6275 | D:6      | Reached skill level 7 in Fighting
  6367 | D:6      | Found a snail-covered altar of Cheibriados.
  6367 | D:6      | Found a white marble altar of Elyvilon.
  6376 | D:6      | Found a glowing silver altar of Zin.
  6378 | D:6      | Reached skill level 5 in Dodging
  6623 | D:6      | Found a blossoming altar of Fedhas.
  7033 | D:7      | Received a gift from Trog
  7429 | D:7      | Reached skill level 8 in Fighting
  7601 | D:7      | Found a deep blue altar of Sif Muna.
  8263 | D:8      | Reached XP level 10. HP: 61/64 MP: 3/10
  8273 | D:8      | Noticed Pikel
  8289 | D:8      | Killed Pikel
  8359 | D:8      | Noticed Joseph
  8361 | D:8      | Found a shadowy altar of Dithmenos.
  8375 | D:8      | Killed Joseph
  8898 | D:8      | Noticed Erica
  8912 | D:8      | Killed Erica
  8912 | D:8      | Reached skill level 9 in Fighting
  9163 | D:9      | Paralysed by an orc for 3 turns
  9168 | D:9      | Reached ***** piety under Trog
  9183 | D:9      | Received a gift from Trog
  9188 | D:9      | Found a hazy altar of Hepliaklqana.
  9300 | D:9      | Found an opulent altar of Gozag.
  9660 | D:10     | Entered Level 10 of the Dungeon
  9671 | D:10     | Got a scorched iron ring
  9673 | D:10     | Identified the ring "Boink" {rElec rPois rF++ MR- Str-2
                  | Slay+2} (You found it on level 10 of the Dungeon)
  9695 | D:10     | Reached XP level 11. HP: 63/71 MP: 3/11
  9776 | D:10     | Noticed a two-headed ogre
  9788 | D:10     | Killed a two-headed ogre
 10037 | D:10     | Noticed Grum
 10059 | D:10     | Killed Grum
 10064 | D:10     | Reached skill level 10 in Fighting
 10151 | D:10     | Noticed Snorg
 10166 | D:10     | HP: 3/72 [Snorg (8)]
 10166 | D:10     | Mangled by Snorg

Skill      XL: |  1  2  3  4  5  6  7  8  9 10 11 |
---------------+----------------------------------+-----
Axes           | 3 4 5 6 8 |  8.4
Dodging        | 2 3 4 5 7 |  7.4
Armour         | 3 4 5 6 7 9 |  9.7
Fighting       | 4 5 6 8 9 10 | 10.0

Action                   |  1- 3 |  4- 6 |  7- 9 | 10-12 || total
-------------------------+-------+-------+-------+-------++-------
Melee: Hand axe          |   113 |    73 |       |       ||   186
       War axe           |       |   213 |   491 |   270 ||   974
Invok: Berserk           |       |       |     3 |     1 ||     4
       Trog's Hand       |       |       |       |     1 ||     1
  Use: Scroll            |       |       |    22 |     3 ||    25
       Potion            |       |       |       |     2 ||     2
  Eat: Chunk             |       |     9 |    18 |     8 ||    35
       Ration            |       |       |       |     1 ||     1
Armor: Animal skin       |    35 |       |       |       ||    35
       Plate armour      |       |   281 |   412 |   265 ||   958
Dodge: Dodged            |   113 |   180 |   282 |   217 ||   792
